AoeStats
← MauV

Arena

508577107Analyzed
2v2 RM · 8d ago on Sep 23, 2026· 56m 9s· 4 players
Game mode
Random Map
Map size
Medium (4 player)
Population
200
Speed
Normal
Resources
Standard
Victory
Conquest
Starting age
Dark Age
Ending age
Imperial Age
RankedLock teamsTeams togetherTeam positionsShared explorationLock speedFull tech treeHidden civsTurbo modeCheats
Victory
Defeat
🇦🇷 Portuguese · Argentina
1456
+6
🇦🇷 Poles · Argentina
1099
+54
🇦🇷 Ethiopians · Argentina
1194
-13
🇲🇽 Slavs · Mexico
1171
-11
BlankZombie18
10:48 Feudal Age
14:30 Castle Age
12:46 Double-Bit Axe
15:23 Horse Collar
19:16 Loom
19:55 Town Watch
21:24 Wheelbarrow
22:08 Bow Saw
21:59 Heavy Plow
22:48 Hand Cart
23:48 Town Patrol
24:43 Gold Mining
24:44 Stone Mining
28:30 Imperial Age
26:48 Redemption
27:18 Gold Shaft Mining
26:56 Forging
29:23 Scale Barding Armor
29:53 Iron Casting
29:08 Fletching
29:59 Crop Rotation
30:30 Two-Man Saw
29:34 Husbandry
29:44 Bloodlines
30:17 Detinets
29:41 Cavalier
29:52 Capped Ram
31:08 Siege Ram
31:12 Man-at-Arms
34:03 Chain Barding Armor
34:44 Blast Furnace
33:43 Elite Boyar
37:43 Plate Barding Armor
41:16 Bodkin Arrow
42:09 Conscription
42:28 Long Swordsman
44:47 Light Cavalry
45:31 Two-Handed Swordsman
46:16 Druzhina
46:56 Champion
53:30 Squires
[VL] Tupen Dior
8:45 Feudal Age
15:13 Castle Age
13:59 Horse Collar
16:26 Crossbowman
19:43 Fletching
21:05 Padded Archer Armor
21:55 Bodkin Arrow
22:06 Loom
23:50 Double-Bit Axe
24:06 Heavy Plow
24:49 Leather Archer Armor
25:39 Bow Saw
28:39 Wheelbarrow
33:52 Ballistics
38:11 Imperial Age
37:02 Gold Mining
37:03 Stone Mining
36:38 Light Cavalry
37:41 Forging
37:49 Husbandry
39:01 Stone Shaft Mining
39:01 Gold Shaft Mining
38:52 Hand Cart
39:31 Scale Barding Armor
40:04 Iron Casting
42:19 Blast Furnace
41:57 Chain Barding Armor
41:30 Hussar
43:05 Bracer
43:33 Arbalester
44:44 Ring Archer Armor
45:07 Conscription
45:30 Thumb Ring
47:51 Chemistry
55:47 Cavalier
MauV
10:30 Feudal Age
14:05 Castle Age
12:12 Double-Bit Axe
20:05 Horse Collar
20:37 Bow Saw
22:46 Loom
23:37 Wheelbarrow
23:50 Gold Mining
24:54 Hand Cart
24:25 Town Watch
27:16 Imperial Age
25:59 Stone Mining
26:09 Fletching
26:23 Heavy Plow
27:44 Bodkin Arrow
28:11 Ballistics
29:15 Chemistry
29:20 Bracer
34:38 Scale Mail Armor
36:52 Conscription
37:54 Chain Mail Armor
37:01 Pikeman
38:14 Bombard Tower
38:00 Siege Engineers
39:34 Plate Mail Armor
39:41 Halberdier
40:32 Forging
41:51 Iron Casting
42:22 Two-Man Saw
41:52 Crop Rotation
41:36 Gambesons
43:37 Arquebus
44:27 Masonry
47:29 Blast Furnace
49:10 Elite Organ Gun
53:19 Stone Shaft Mining
53:31 Arson
53:53 Scale Barding Armor
ramiromartinez0507
11:58 Feudal Age
13:10 Double-Bit Axe
14:00 Horse Collar
19:41 Castle Age
19:45 Scale Barding Armor
20:31 Stone Mining
21:33 Wheelbarrow
21:22 Bow Saw
21:23 Heavy Plow
35:24 Gold Mining
38:15 Light Cavalry
40:25 Hand Cart
41:41 Ballistics
41:57 Elite Skirmisher
51:18 Imperial Age
51:43 Chain Barding Armor
51:24 Scale Mail Armor
Connection lost

Rejoining the realm…

Still unreachable

The connection could not be restored.

Session expired

The server has moved on; the page needs a fresh start.